 Dungeon Crawl Stone Soup version 0.23-a0-417-gf02c810438 (webtiles) character file.

9203 Nixze the Thaumaturge (level 11, -2/62 HPs)
             Began as a Deep Elf Conjurer on Nov 11, 2018.
             Was an Elder of Vehumet.
             Slain by an unseen horror (8 damage)
             ... on level 10 of the Dungeon.
             The game lasted 00:47:51 (16351 turns).

Nixze the Thaumaturge (Deep Elf Conjurer)          Turns: 16351, Time: 00:47:52

Health: -2/62      AC:  9    Str:  5    XL:     11   Next: 20%
Magic:  3/29       EV: 16    Int: 24    God:    Vehumet [****..]
Gold:   625        SH:  0    Dex: 15    Spells: 13/34 levels left

rFire    + + .     SeeInvis .   (no weapon)
rCold    + . .     Gourm    .   (no shield)
rNeg     . . .     Faith    .   C - +2 robe {rC+ rF+}
rPois    .         Spirit   .   o - +2 helmet
rElec    .         Reflect  .   j - +0 cloak
rCorr    .         Harm     .   (no gloves)
MR       +....                  H - +0 pair of boots
Stlth    ++++......             (no amulet)
HPRegen  0.20/turn              s - ring of protection from fire
MPRegen  0.21/turn              i - +3 ring of slaying

@: flying (expiring)
A: no striking features
a: Renounce Religion


You were on level 10 of the Dungeon.
You worshipped Vehumet.
Vehumet was greatly pleased with you.
You were not hungry.

You visited 2 branches of the dungeon, and saw 11 of its levels.

You collected 625 gold pieces.

Inventory:

Hand Weapons
 b - a +0 dagger of venom
 r - a +0 dagger of freezing
Armour
 j - a +0 cloak (worn)
 o - a +2 helmet (worn)
 B - a +2 robe of positive energy
 C - a +2 robe of resistance (worn)
 H - a +0 pair of boots (worn)
Jewellery
 i - a +3 ring of slaying (right hand)
 s - a ring of protection from fire (left hand)
Wands
 a - a wand of random effects (23)
 x - a wand of disintegration (32)
 y - a wand of polymorph (6)
 A - a wand of digging (3)
 G - a wand of flame (17)
 L - a wand of acid (8)
Scrolls
 d - 3 scrolls of identify
 e - 7 scrolls of remove curse
 f - 3 scrolls of magic mapping
 g - a scroll of blinking
 l - a scroll of immolation {unknown}
 n - a scroll of enchant armour
 u - a scroll of random uselessness {unknown}
 v - a scroll of vulnerability {unknown}
 w - a scroll of fear {unknown}
 D - 2 scrolls of amnesia {unknown}
 E - a scroll of summoning {unknown}
 F - a scroll of teleportation {unknown}
 I - 2 scrolls of acquirement {unknown}
 K - a scroll of enchant weapon {unknown}
Potions
 h - 2 potions of curing
 k - 4 potions of might
 m - 2 potions of brilliance
 p - a potion of lignification {unknown}
 q - 2 potions of haste
 z - 4 potions of agility
 J - a potion of invisibility {unknown}
 M - a potion of ambrosia {unknown}
Comestibles
 c - 11 rations


   Skills:
 + Level 4.3 Fighting
 + Level 7.0 Dodging
 - Level 7.2 Stealth
 + Level 12.1 Spellcasting
 + Level 8.5 Conjurations
 - Level 5.9 Hexes
 * Level 4.5 Transmutations
 * Level 0.5 Fire Magic
 - Level 3.0 Air Magic
 * Level 0.5 Earth Magic
 - Level 3.0 Poison Magic
 + Level 5.9 Evocations


You had 13 spell levels left.
You knew the following spells:

 Your Spells              Type           Power        Failure   Level  Hunger
a - Magic Dart            Conj           ####         1%          1    None
b - Dazzling Spray        Conj/Hex       #####.       1%          3    None
c - Iskenderun's Mystic   Conj           ######..     1%          4    None
d - Fulminant Prism       Conj/Hex       #####.....   1%          4    None
e - Mephitic Cloud        Conj/Pois/Air  #####...     1%          3    None
f - Ignite Poison         Fire/Tmut/Pois ####....     1%          3    None
g - Stone Arrow           Conj/Erth      #####.       1%          3    None

Your spell library contained the following spells:

 Spells                   Type           Power        Failure   Level  Hunger
 Beastly Appendage        Tmut           #####.       1%          1    None
 Confusing Touch          Hex            #####.       1%          1    None
 Searing Ray              Conj           ######       1%          2    None
 Sticks to Snakes         Tmut           #####...     1%          2    None
 Confuse                  Hex            #####...     1%          3    None
 Spider Form              Tmut/Pois      ####......   2%          3    None
 Force Lance              Conj/Tloc      #####...     2%          4    None
 Yara's Violent Unravell  Hex/Tmut       #####.....   4%          5    ###....
 Gell's Gravitas          Tloc           ##........   13%         3    None
 Petrify                  Tmut/Erth      ####....     16%         4    None
 Ice Form                 Ice/Tmut       ####....     17%         4    None
 Blade Hands              Tmut           #####.....   19%         5    ###....
 Metabolic Englaciation   Hex/Ice        ####......   34%         5    ###....


Dungeon Overview and Level Annotations

Branches:
Dungeon (10/15)            Temple (1/1) D:4
   Lair: D:8-11         Orc: D:9-12

Altars:
Ashenzari
Cheibriados
Dithmenos
Elyvilon
Fedhas
Gozag
Hepliaklqana
Kikubaaqudgha
Makhleb
Nemelex Xobeh
Okawaru
Qazlal
Ru
Sif Muna
Trog
Uskayaw
Vehumet
Wu Jian
Xom
Yredelemnul
Zin
The Shining One

Annotations:
D:7 2 runed doors, exclusion: orange crystal statue
D:10 Snorg


Message History

You don't have enough magic to cast that spell.
You feel much better. Something hits you but does no damage.
Your fulminant prism crackles loudly.
Something hits you.
Your fulminant prism explodes!
The blast of energy engulfs something.
The blast of energy engulfs you!
* * * LOW HITPOINT WARNING * * *
There is an open door here.
Something barely misses you.
You feel better. Something hits you.
* * * LOW HITPOINT WARNING * * *
Something hits you.
* * * LOW HITPOINT WARNING * * *
You feel better.
You are starting to lose your buoyancy.
Something hits you but does no damage. Something hits you.
* * * LOW HITPOINT WARNING * * *
Okay, then.
Something hits you!
You die...

#.).......#####.# #≈≈≈≈≈≈≈≈≈#
..#.##### # #≈≈≈≈≈≈≈≈≈# ..#.....#
##### #8≈≈≈≈≈≈≈8#...#.....###....
#####)#####.%.#.........###
#...).....'...#.....##### #
#......)..#...#.....# #
..'..#####..#######.### #
..#..#####..@...# #.# # #
#.........#...# #.# #
'.........#...###.# # ###
.#####'##'######...# ### ..#
...#......>#.### #.. ..# ....
#....[.:#.### #.. ..# ...
#.......#...#######..
..###################...##.......
)..........##..............####..


There were no monsters in sight!

Vanquished Creatures
  A great orb of eyes (D:10)
  A two-headed ogre (D:9)
  Pikel (D:4)
  A gargoyle (D:10)
  A hornet (D:10)
  A hippogriff (D:7)
  2 wyverns
  5 yaks (D:10)
  3 hungry ghosts
  Eustachio (D:6)
  Menkaure (D:5)
  5 orc warriors
  A slave (D:4)
  2 ice beasts
  6 ogres
  3 centaurs
  2 big kobolds
  12 bullfrogs
  A gnoll sergeant (D:9)
  2 wyvern skeletons
  7 scorpions
  10 killer bees (D:10)
  5 wights (D:8)
  6 howler monkeys
  3 crimson imps
  2 centaur zombies
  2 quasits
  5 orc priests
  A jelly (D:6)
  A centaur skeleton (D:7)
  3 hounds
  3 iron imps (D:5)
  7 orc wizards
  An iguana (D:5)
  Natasha (thrice) (D:4)
  Ijyb (D:2)
  6 worker ants
  2 hound skeletons (D:6)
  2 worker ant zombies
  16 gnolls
  A howler monkey skeleton (D:5)
  3 river rats (D:6)
  6 adders
  3 shadow imps
  4 dart slugs
  5 leopard geckos
  35 orcs
  7 giant cockroaches
  13 goblins
  10 hobgoblins
  11 jackals
  3 quokkas
  5 ball pythons
  11 bats
  3 frilled lizards (D:1)
  17 kobolds
  A quokka skeleton (D:10)
  A quokka zombie (D:6)
  11 rats
  2 fulminant prisms
290 creatures vanquished.

Vanquished Creatures (others)
  A kobold (D:7)
  60 fulminant prisms
61 creatures vanquished.

Grand Total: 351 creatures vanquished

Notes
Turn   | Place    | Note
-------+----------+-------------------------------------------
     0 | D:1      | Nixze the Deep Elf Conjurer began the quest for the Orb.
     0 | D:1      | Reached XP level 1. HP: 10/10 MP: 6/6
   202 | D:1      | Reached XP level 2. HP: 15/15 MP: 4/8
   938 | D:1      | Reached skill level 4 in Spellcasting
   975 | D:2      | Found a blossoming altar of Fedhas.
  1018 | D:2      | Reached XP level 3. HP: 19/19 MP: 4/10
  1068 | D:2      | Learned a level 3 spell: Dazzling Spray
  1087 | D:2      | Reached skill level 5 in Conjurations
  1369 | D:2      | Reached skill level 1 in Hexes
  1514 | D:2      | Reached XP level 4. HP: 24/24 MP: 9/12
  1707 | D:2      | Noticed Ijyb
  1811 | D:2      | Learned a level 4 spell: Iskenderun's Mystic Blast
  2139 | D:2      | Killed Ijyb
  2828 | D:3      | Found a faded altar of an unknown god.
  2930 | D:3      | Reached skill level 5 in Spellcasting
  3218 | D:3      | Reached XP level 5. HP: 28/28 MP: 9/14
  4019 | D:4      | Noticed Natasha
  4022 | D:4      | Killed Natasha
  4025 | D:4      | Reached XP level 6. HP: 32/32 MP: 5/16
  4244 | D:4      | Noticed a slave
  4261 | D:4      | Found a staircase to the Ecumenical Temple.
  4275 | Temple   | Entered the Ecumenical Temple
  4353 | Temple   | Became a worshipper of Vehumet
  4557 | D:4      | Reached skill level 6 in Spellcasting
  4745 | D:4      | Noticed Natasha
  4753 | D:4      | Killed Natasha
  4760 | D:4      | Noticed Natasha
  4767 | D:4      | Killed Natasha
  4924 | D:4      | Noticed a slave
  4948 | D:4      | Killed a slave
  5058 | D:4      | Noticed Pikel
  5059 | D:4      | Noticed a slave
  5060 | D:4      | Noticed a slave
  5062 | D:4      | Killed Pikel
  5062 | D:4      | Reached skill level 7 in Spellcasting
  5062 | D:4      | Reached skill level 5 in Hexes
  5062 | D:4      | Reached XP level 7. HP: 36/36 MP: 16/19
  5327 | D:5      | Entered Level 5 of the Dungeon
  5373 | D:5      | Learned a level 4 spell: Fulminant Prism
  5678 | D:5      | Reached skill level 8 in Spellcasting
  5807 | D:5      | Reached XP level 8. HP: 32/41 MP: 0/22
  5955 | D:5      | Reached skill level 9 in Spellcasting
  6011 | D:5      | Noticed Menkaure
  6019 | D:5      | Killed Menkaure
  6222 | D:5      | Reached skill level 10 in Spellcasting
  6798 | D:5      | Found a burning altar of Makhleb.
  6880 | D:5      | Reached skill level 1 in Evocations
  7081 | D:5      | Reached skill level 1 in Fighting
  7691 | D:4      | Got a ripped robe
  7702 | D:4      | Identified the +2 robe "Wuegeps" {rC- Str+6} (You found it
                  | on level 4 of the Dungeon)
  7746 | D:6      | Noticed Eustachio
  7751 | D:6      | Reached * piety under Vehumet
  7751 | D:6      | Offered knowledge of Freeze by Vehumet.
  8380 | D:6      | Reached XP level 9. HP: 36/48 MP: 14/25
  8809 | D:6      | Killed Eustachio
  9325 | D:6      | Reached skill level 5 in Stealth
  9347 | D:6      | Offered knowledge of Flame Tongue by Vehumet.
  9399 | D:6      | Reached ** piety under Vehumet
  9417 | D:6      | Reached skill level 11 in Spellcasting
  9601 | D:6      | Reached skill level 5 in Dodging
  9819 | D:6      | Found a glowing golden altar of the Shining One.
 10622 | D:7      | Found a runed door.
 10624 | D:7      | Found a hide-covered altar of Uskayaw.
 10743 | D:7      | Found a runed door.
 10755 | D:7      | Found the +10 large shield of Ignorance {rN+ Int-4}
 11235 | D:7      | Offered knowledge of Mephitic Cloud by Vehumet.
 11240 | D:7      | Learned a level 3 spell: Mephitic Cloud
 11424 | D:7      | Noticed an orange crystal statue
 11936 | D:7      | Reached *** piety under Vehumet
 11936 | D:7      | Reached XP level 10. HP: 49/56 MP: 4/27
 12083 | D:8      | Found a radiant altar of Vehumet.
 12094 | D:8      | Reached skill level 1 in Air Magic
 12130 | D:8      | Reached skill level 1 in Poison Magic
 12542 | D:8      | Found a white marble altar of Elyvilon.
 12573 | D:8      | Offered knowledge of Ignite Poison by Vehumet.
 12578 | D:8      | Learned a level 3 spell: Ignite Poison
 12794 | D:8      | Found an opulent altar of Gozag.
 12926 | D:8      | Found an ancient bone altar of Kikubaaqudgha.
 13242 | D:9      | Reached skill level 1 in Transmutations
 13502 | D:9      | Noticed a two-headed ogre
 13511 | D:9      | Killed a two-headed ogre
 13511 | D:9      | Reached skill level 5 in Evocations
 13720 | D:9      | Found a shattered altar of Ashenzari.
 13851 | D:9      | Found a stormy altar of Qazlal.
 14321 | D:10     | Entered Level 10 of the Dungeon
 14393 | D:10     | Noticed Snorg
 15224 | D:10     | Noticed a gargoyle
 15267 | D:10     | Killed a gargoyle
 15417 | D:10     | Reached XP level 11. HP: 61/61 MP: 1/28
 15426 | D:10     | Noticed a great orb of eyes
 15582 | D:10     | Reached **** piety under Vehumet
 15649 | D:10     | Reached skill level 12 in Spellcasting
 15678 | D:10     | Killed a great orb of eyes
 15678 | D:10     | Offered knowledge of Stone Arrow by Vehumet.
 15683 | D:10     | Learned a level 3 spell: Stone Arrow
 16347 | D:10     | HP: 2/62 [fulminant prism[the player character] (23)]
 16351 | D:10     | Slain by an unseen horror

Vault maps used:
D:1:      dpeg_arrival_windows_large_door
D:2:      kennysheep_the_goblin_king, fedhas_altar_3
D:3:      chequers_ecumenical_altar_twisty, hangedman_decor_growths,
          minivault_26, uniq_ijyb
D:4:      minmay_temple_entry_junction_2, first_ration, lightli_corner_chamber,
          uniq_pikel, uniq_natasha
D:5:      demons_altar, moated_statue, chequers_big_river, uniq_menkaure
D:6:      tso_oasis_becter, portal_sewer_entry_b, kennysheep_generic_room_4,
          uniq_eustachio
D:7:      lemuel_round_altar, chequers_guarded_unrand_ignorance
D:8:      marbit_many_paths, elyvilon_altar_4, nicolae_gozag_seed_capital,
          basic_altar, grunt_pizzeria
D:9:      nicolae_qazlal_general_emergency, kennysheep_little_box
D:10:     evilmike_minifort, uniq_snorg
Temple:   oiseaux_autumnal_temple

Skill      XL: |  1  2  3  4  5  6  7  8  9 10 11 |
---------------+----------------------------------+-----
Spellcasting   | 4 5 7 8 10 11 12 | 12.1
Conjurations   | 5 7 8 |  8.5
Hexes          | 1 2 3 5 |  5.9
Dodging        | 4 5 6 7 |  7.0
Stealth        | 4 6 7 |  7.2
Evocations     | 2 4 5 |  5.9
Fighting       | 1 3 4 |  4.3
Air Magic      | 3 |  3.0
Poison Magic   | 3 |  3.0
Transmutations | 3 4 |  4.5
Fire Magic     | |  0.5
Earth Magic    | |  0.5

Action                   |  1- 3 |  4- 6 |  7- 9 | 10-12 || total
-------------------------+-------+-------+-------+-------++-------
Melee: Unarmed           |       |    27 |       |       ||    27
       Dagger            |       |     7 |    15 |     2 ||    24
 Cast: Magic Dart        |    91 |   147 |   293 |   119 ||   650
       Dazzling Spray    |       |    19 |    88 |    74 ||   181
       Iskenderun's Myst |       |     1 |    19 |    17 ||    37
       Fulminant Prism   |       |       |    19 |    43 ||    62
       Mephitic Cloud    |       |       |       |     2 ||     2
       Ignite Poison     |       |       |       |     1 ||     1
Evoke: Wand              |       |     2 |     2 |       ||     4
  Use: Scroll            |       |     3 |    11 |       ||    14
       Potion            |       |       |       |     4 ||     4
  Eat: Chunk             |     2 |    11 |    18 |    11 ||    42
       Ration            |       |       |     2 |     1 ||     3
Armor: Robe              |     3 |    10 |    40 |    19 ||    72
Dodge: Dodged            |    14 |    44 |   112 |    57 ||   227

Table legend:
 A = Non-vault XP
 B = Vault XP
 C = Vault XP percentage of total XP
 D = Non-vault monster count
 E = Vault monster count
 F = Vault count percentage of total count
                 A         B        C        D         E       F
            +---------+---------+-------+---------+---------+-------
      Total |    9446 |    3702 |  28.2 |     248 |      39 |  13.6
            +---------+---------+-------+---------+---------+-------
        D:1 |      36 |       0 |   0.0 |      24 |       0 |   0.0
        D:2 |      71 |      47 |  39.8 |      28 |       7 |  20.0
        D:3 |     179 |       0 |   0.0 |      26 |       0 |   0.0
        D:4 |     241 |     607 |  71.6 |       7 |       2 |  22.2
        D:5 |    1305 |     291 |  18.2 |      30 |       5 |  14.3
        D:6 |    1150 |     245 |  17.6 |      40 |      10 |  20.0
        D:7 |    1497 |       0 |   0.0 |      32 |       0 |   0.0
        D:8 |     922 |     232 |  20.1 |      22 |       2 |   8.3
        D:9 |    1713 |       0 |   0.0 |      14 |       0 |   0.0
       D:10 |    2332 |    2280 |  49.4 |      25 |      13 |  34.2
            +---------+---------+-------+---------+---------+-------
